Map: Purity and Industry LE

Players

antagomiR - Winner!

  • Race: Protoss Protoss
  • Spawn Location: 3:00

VOD

Have the link to the VOD?

Description

Time

  • Played on: March 29, 2020, 8:46 p.m.
  • Length: 9:19
Show
View Real Time Build Order
Export as new Build Order

antagomiR Protoss - Winner!

Build Orders:  

Get SALT Encoding   

  12  0:04  Probe (Chrono Boost)  
  14  0:21  Probe (Chrono Boost)  
  14  0:26  Pylon  
  14  0:48  Probe (Chrono Boost)  
  15  0:55  Gateway  
  15  1:05  Probe (Chrono Boost)  
  16  1:13  Assimilator  
  16  1:24  Assimilator  
  16  1:27  Probe (Chrono Boost)  
  17  1:49  Probe (Chrono Boost)  
  18  2:03  Cybernetics Core  
  19  2:12  Probe (Chrono Boost)  
  20  2:41  Probe (Chrono Boost)  
  20  2:42  Zealot  
  22  2:58  Probe (Chrono Boost)  
  23  3:05  Pylon  
  23  3:22  Twilight Council  
  23  3:27  Pylon  
  23  3:32  Probe (Chrono Boost)  
  24  3:49  Probe (Chrono Boost)  
  25  4:03  Gateway  
  25  4:04  Gateway  
  25  4:06  Probe (Chrono Boost), Gateway  
  26  4:22  Probe (Chrono Boost)  
  26  4:26  Dark Shrine  
  27  4:32  Zealot  
  27  4:37  Probe  
  30  4:54  Probe  
  31  5:11  Probe  
  31  5:13  Warp Gate (Chrono Boost)  
  32  5:28  Probe  
  32  5:45  Probe  
  33  6:02  Probe  
  34  6:11  Nexus  
  34  6:12  Pylon  
  34  6:24  Dark Templar  
  34  6:25  Dark Templar  
  38  6:44  Probe  
  39  6:52  Dark Templar  
  39  6:53  Dark Templar  
  43  7:07  Probe  
  44  7:24  Probe  
  45  7:46  Probe  
  46  8:02  Probe  
  47  8:23  Dark Templar  
  47  8:24  Dark Templar x2  
  47  8:25  Dark Templar  
  55  8:58  Probe  
  56  9:01  Assimilator  
  56  9:04  Assimilator  
  57  9:14  Forge  
  58  9:17  Shield Battery  
Tags
 
Add a new tag
Caveats
  • Supply blocks, unpowered buildings, or Contaminate may cause inaccurate times.
  • Supply counts are checked every 10 seconds.